 Dungeon Crawl Stone Soup version 0.29.1-15-g9cfb28693d (webtiles) character file.

Game seed: 4059800294353888345

33648 BuddhaDhamma the Executioner (level 13, -3/142 HPs)
             Began as a Minotaur Berserker on Mar 8, 2023.
             Was a High Priest of Trog.
             Slain by a vault guard
             ... wielding a +0 glaive of venom
              (6 damage)
             ... on level 14 of the Dungeon.
             The game lasted 00:27:54 (11176 turns).

BuddhaDhamma the Executioner (Minotaur Berserker)  Turns: 11176, Time: 00:27:55

Health: -3/142     AC: 23    Str: 32    XL:     13   Next: 37%
Magic:  12/12      EV:  9    Int:  4    God:    Trog [*****.]
Gold:   436        SH:  0    Dex: 11    Spells: 12/12 levels left

rFire   . . .      SeeInvis .   h - +2 executioner's axe (flame)
rCold   + . .      Faith    .   (shield currently unavailable)
rNeg    . . .      Spirit   .   e - +0 chain mail
rPois   .          Reflect  .   (helmet restricted)
rElec   .          Harm     .   l - +1 cloak
rCorr   .          Rampage  .   (no gloves)
Will    .....                   g - +3 pair of mountain boots {steadfast, rC+}
Stlth   ..........              p - amulet of regeneration
HPRegen 1.13/turn               w - +6 ring of strength
MPRegen 0.13/turn               D - ring of the Tortoise {AC+8}

@: berserking (expiring), lethally poisoned (-3 -> -15), studying Maces &
Flails, very quick
A: horns 2, retaliatory headbutt
a: Renounce Religion, Berserk, Trog's Hand, Brothers in Arms


You were on level 14 of the Dungeon.
You worshipped Trog.
Trog was extremely pleased with you.
You visited 1 branch of the dungeon, and saw 14 of its levels.

You collected 904 gold pieces.
You spent 468 gold pieces at shops.

Inventory:

Hand Weapons
 h - a +2 executioner's axe of flaming (weapon)
Missiles
 n - 4 throwing nets
 q - 20 poisoned darts (quivered)
Armour
 e - a +0 chain mail (worn)
 g - the +3 pair of mountain boots (worn) {steadfast, rC+}
   (You acquired it on level 6 of the Dungeon)

   It prevents involuntary movement, except for blinking, teleportation, or
   banishment.
   rC:        It protects you from cold.
 l - a +1 cloak (worn)
Jewellery
 f - a ring of protection from cold
 o - an amulet of guardian spirit
 p - an amulet of regeneration (around neck)
 w - a +6 ring of strength (left hand)
 D - the ring of the Tortoise (right hand) {AC+8}
   (You found it on level 9 of the Dungeon)

   [ring of protection]

   AC:        It affects your AC (+8).
 F - a ring of resist corrosion
 J - a ring of positive energy
 K - a ring of ice
Wands
 d - a wand of acid (10)
 t - a wand of flame (36)
 y - a wand of mindburst (5)
 N - a wand of paralysis (3)
Scrolls
 a - 3 scrolls of poison
 c - 2 scrolls of summoning
 s - 6 scrolls of teleportation
 A - a scroll of enchant armour
 C - a scroll of blinking
 G - 2 scrolls of silence
 H - 3 scrolls of identify
 I - a scroll of butterflies
 M - a scroll of magic mapping
Potions
 b - 6 potions of curing
 i - 5 potions of flight
 j - a potion of magic
 k - a potion of heal wounds
 m - 4 potions of lignification
 r - 3 potions of haste
 u - a potion of brilliance
 v - 2 potions of might
 x - 2 potions of cancellation
 z - 4 potions of degeneration
 B - a potion of resistance
 E - 3 potions of berserk rage
 L - 6 potions of ambrosia


   Skills:
 - Level 3.6 Fighting
 + Level 26.0 Axes
 - Level 2.4 Armour
 - Level 2.1 Dodging


You had 12 spell levels left.
You didn't know any spells.
Your spell library was empty.

Dungeon Overview and Level Annotations

Branches:
Dungeon (14/15)            Temple (0/1) D:6            Lair (0/5) D:9
    Orc (0/2) D:10         Vaults (0/5) D:14

Altars:
Dithmenos
Elyvilon
Fedhas
Gozag
Hepliaklqana
Makhleb
Okawaru
Sif Muna
Vehumet
Xom
Yredelemnul
Zin
The Shining One

Shops:
D:1 *   D:6 =*(*[   D:9 =

Portals:
Trove: D:10 (show abyssal rune of Zot)

Annotations:
D:12 2 transporters, sigtrap's ghost, journeyman FoHu


Innate Abilities, Weirdness & Mutations

You have a pair of horns on your head.
You reflexively headbutt those who attack you in melee.


Message History

* * * LOW HITPOINT WARNING * * *
The vault guard hits you with a +0 glaive of venom!
* * * LOW HITPOINT WARNING * * *
You are more poisoned.
You slice the wraith!! You burn the wraith.
You destroy the wraith!
Trog accepts your kill.
You hit the vault guard. You burn the vault guard.
You hit the vault guard but do no damage.
You slash the vault guard! You burn the vault guard.
You hit the vault guard but do no damage.
You feel very sick.
Your Axes skill increases to level 26!
You feel very sick.
The vault guard hits you but does no damage.
The vault guard hits you with a +0 glaive of venom.
* * * LOW HITPOINT WARNING * * *
You are more poisoned.
The kobold demonologist hits you but does no damage.
The vault guard hits you with a +0 great mace!
* * * LOW HITPOINT WARNING * * *
The skeletal warrior closely misses you.
The vault guard hits you with a +0 great sword!
* * * LOW HITPOINT WARNING * * *
The polar bear bites you but does no damage.
The polar bear closely misses you.
The polar bear claws you but does no damage.
You see here a boulder beetle corpse.
You are too berserk!
You hit the vault guard. You burn the vault guard.
Your headbutt misses the vault guard.
The vault guard is heavily wounded.
You closely miss the kobold demonologist.
You barely miss the vault guard. You slice the polar bear!!
You burn the polar bear. You slash the vault guard! You burn the vault guard.
You closely miss the vault guard.
* * * LOW HITPOINT WARNING * * *
You feel very sick.
The vault guard hits you with a +0 glaive of venom.
You die...

##########
.........########
................#
.##.......##...#####
##.....####......#
##...## ##.^...#
###†### ##...>.#
#9p(pz# ##......#
#.#p@p#.##.......#
#...Kh..#........#
+...∩C..+........#
#.......#....##+##
#.#...#.##......#
#####
##.....####..#####
....# #. ##+##
##.....# ....# #..#
##...## ##.....#
....# ....#
##.....####......#


You could see 4 vault guards, a skeletal warrior, a cyclops, a polar bear, a
kobold demonologist and a gargoyle.

Vanquished Creatures
  4 boulder beetles
  3 hydras
  Harold (D:9)
  2 two-headed ogres
  2 centaur warriors
  2 tengu warriors
  Nergalle (D:10)
  Pikel (D:7)
  A deep elf pyromancer (D:13)
  9 ugly things
  2 cyclopes
  2 manticores
  A gargoyle (D:12)
  4 unseen horror zombies (D:9)
  An efreet (D:13)
  A tengu conjurer (D:13)
  6 trolls
  A queen bee (D:14)
  6 meliai
  A troll (shapeshifter) (D:14)
  Prince Ribbit (D:7)
  8 slime creatures
  2 shadows
  2 wyverns (D:9)
  3 wraiths
  21 yaks
  2 basilisks
  3 steam dragons
  3 vampire mosquitoes (D:10)
  Edmund (D:6)
  3 water moccasins
  3 acid dragons
  A sky beast (D:8)
  4 black bears
  3 ice beasts (D:6)
  5 orc warriors
  5 ogres
  A lemure (D:7)
  8 centaurs
  2 kobold brigands (D:8)
  A phantom (D:5)
  4 bullfrogs
  4 scorpions
  2 necrophages
  22 wights
  22 killer bees (D:14)
  3 howler monkeys (D:11)
  6 centaur zombies (D:9)
  2 jellies
  2 gnoll boudas
  6 orc priests
  Crazy Yiuf (D:6)
  3 hounds
  2 iguanas (D:5)
  6 orc wizards
  A killer bee zombie (D:9)
  3 howler monkey zombies (D:9)
  12 gnolls
  6 adders
  A shadow imp (D:6)
  2 white imps
  5 ufetubi
  2 worms
  2 dart slugs
  48 orcs
  10 ball pythons
  5 bats
  8 endoplasms
  2 giant cockroaches
  7 goblins
  6 hobgoblins
  4 jackals (D:3)
  2 quokkas
  4 frilled lizards
  9 kobolds
357 creatures vanquished.

Vanquished Creatures (others)
  An orc wizard (D:10)
  4 toadstools (D:1)
5 creatures vanquished.

Grand Total: 362 creatures vanquished

Notes
Turn   | Place    | Note
-------+----------+-------------------------------------------
     0 | D:1      | BuddhaDhamma the Minotaur Berserker began the quest for the
                  | Orb.
     0 | D:1      | Reached XP level 1. HP: 19/19 MP: 0/0
    71 | D:1      | Reached skill level 4 in Axes
   111 | D:1      | Reached XP level 2. HP: 24/26 MP: 1/1
   235 | D:1      | Found Jyddyac's General Store.
   327 | D:1      | Found a faded altar of an unknown god.
   327 | D:1      | Noticed a rust devil
   791 | D:2      | Reached skill level 5 in Axes
   823 | D:2      | Reached XP level 3. HP: 26/31 MP: 2/2
  1046 | D:2      | Reached ** piety under Trog
  1581 | D:3      | Found an iron altar of Okawaru.
  1703 | D:3      | Reached skill level 6 in Axes
  1703 | D:3      | Reached XP level 4. HP: 39/39 MP: 3/3
  2075 | D:3      | Found a glowing silver altar of Zin.
  2075 | D:3      | Found an opulent altar of Gozag.
  2297 | D:4      | Noticed a black bear
  2320 | D:3      | Killed a black bear
  2321 | D:3      | Reached skill level 7 in Axes
  2321 | D:3      | Reached XP level 5. HP: 45/45 MP: 4/4
  2453 | D:4      | Reached skill level 8 in Axes
  2453 | D:4      | Reached XP level 6. HP: 41/51 MP: 5/5
  2533 | D:4      | Reached *** piety under Trog
  2534 | D:4      | Reached skill level 9 in Axes
  2552 | D:4      | Reached XP level 7. HP: 21/57 MP: 6/6
  2668 | D:4      | Found a white marble altar of Elyvilon.
  3014 | D:5      | Entered Level 5 of the Dungeon
  3072 | D:5      | Reached skill level 10 in Axes
  3144 | D:5      | Reached skill level 11 in Axes
  3432 | D:5      | Found a shadowy altar of Dithmenos.
  3491 | D:5      | Reached XP level 8. HP: 62/64 MP: 7/7
  3979 | D:6      | Reached skill level 12 in Axes
  4013 | D:6      | Reached **** piety under Trog
  4089 | D:6      | Found a blossoming altar of Fedhas.
  4156 | D:6      | Reached skill level 13 in Axes
  4204 | D:6      | Found a radiant altar of Vehumet.
  4252 | D:6      | Found Plog's General Store.
  4259 | D:6      | Bought a +0 pair of boots for 54 gold pieces
  4259 | D:6      | Bought a scroll of enchant armour for 90 gold pieces
  4276 | D:6      | Found Qasm's Antique Armour Emporium.
  4293 | D:6      | Found Ukutech's General Store.
  4295 | D:6      | Noticed Edmund
  4302 | D:6      | Killed Edmund
  4313 | D:6      | Reached skill level 14 in Axes
  4322 | D:6      | Bought a scroll of identify for 24 gold pieces
  4322 | D:6      | Bought a scroll of identify for 24 gold pieces
  4356 | D:6      | Found Hofat's Jewellery Shop.
  4377 | D:6      | Found a runed translucent door.
  4378 | D:6      | Noticed Crazy Yiuf
  4384 | D:6      | Killed Crazy Yiuf
  4512 | D:6      | Found a staircase to the Ecumenical Temple.
  4539 | D:6      | Found Vochias's Weapon Emporium.
  4679 | D:6      | Reached XP level 9. HP: 70/70 MP: 8/8
  4838 | D:7      | Noticed Prince Ribbit
  4866 | D:7      | Killed Prince Ribbit
  4867 | D:7      | Reached skill level 15 in Axes
  5053 | D:7      | Noticed Pikel
  5065 | D:7      | Killed Pikel
  5066 | D:7      | Reached skill level 16 in Axes
  5786 | D:8      | Reached skill level 17 in Axes
  5978 | D:8      | Reached XP level 10. HP: 77/77 MP: 9/9
  6386 | D:8      | Identified the +0 pair of boots of the Thinker {rF+ Regen+
                  | Str+3 Dex+4}
  6632 | D:6      | Bought a +3 vorpal broad axe for 276 gold pieces
  6638 | D:6      | Identified a scroll of acquirement
  6638 | D:6      | Acquired the +3 pair of mountain boots {steadfast, rC+}
  6638 | D:6      | Found the +3 pair of mountain boots {steadfast, rC+}
  6957 | D:9      | Reached skill level 18 in Axes
  7045 | D:9      | Reached ***** piety under Trog
  7046 | D:9      | Noticed Harold
  7055 | D:9      | Reached skill level 19 in Axes
  7061 | D:9      | Killed Harold
  7144 | D:9      | Noticed a two-headed ogre
  7158 | D:9      | Killed a two-headed ogre
  7159 | D:9      | Reached XP level 11. HP: 56/82 MP: 10/10
  7200 | D:9      | Reached skill level 20 in Axes
  7238 | D:9      | Found the ring of the Tortoise {AC+8}
  7239 | D:9      | Found Etaor's Jewellery Boutique.
  7364 | D:9      | Found a burning altar of Makhleb.
  7516 | D:9      | Found a staircase to the Lair.
  7588 | D:9      | Found a glowing golden altar of the Shining One.
  7623 | D:10     | Entered Level 10 of the Dungeon
  7640 | D:10     | Found a portal to a secret trove of treasure.
  7665 | D:10     | Found a shimmering altar of Xom.
  7876 | D:10     | Found a basalt altar of Yredelemnul.
  7934 | D:10     | Noticed Nergalle
  7939 | D:10     | Noticed a spectral orc warlord
  7940 | D:10     | Killed Nergalle
  7978 | D:10     | Noticed a red ugly thing
  7984 | D:10     | Killed a red ugly thing
  7985 | D:10     | Reached skill level 21 in Axes
  8057 | D:10     | Found a shimmering blue altar of Sif Muna.
  8131 | D:10     | Found a staircase to the Orcish Mines.
  8260 | D:10     | Found a hazy altar of Hepliaklqana.
  8413 | D:11     | Received a gift from Trog
  8854 | D:11     | Noticed a tengu warrior
  8861 | D:11     | Killed a tengu warrior
  8862 | D:11     | Reached skill level 22 in Axes
  9219 | D:12     | Reached XP level 12. HP: 90/90 MP: 11/11
  9227 | D:12     | Found a transporter.
  9234 | D:12     | Noticed a death knight
  9235 | D:12     | Noticed sigtrap's ghost (journeyman FoHu)
  9236 | D:12     | Noticed a death knight
  9242 | D:12     | Found a transporter.
  9315 | D:12     | HP: 2/90 [green ugly thing (5)]
  9317 | D:12     | Reached skill level 23 in Axes
  9434 | D:12     | Noticed a six-headed hydra
  9440 | D:12     | Killed a four-headed hydra
  9512 | D:12     | Noticed a boulder beetle
  9523 | D:12     | Killed a boulder beetle
  9649 | D:12     | Noticed a two-headed ogre
  9667 | D:12     | Killed a two-headed ogre
  9875 | D:13     | Noticed an eight-headed hydra
  9881 | D:13     | Killed a six-headed hydra
  9886 | D:13     | Noticed a boulder beetle
  9913 | D:13     | Killed a boulder beetle
  9914 | D:13     | Reached skill level 24 in Axes
 10058 | D:13     | Noticed a centaur warrior
 10070 | D:13     | Killed a centaur warrior
 10131 | D:13     | Noticed a tengu warrior
 10163 | D:13     | Killed a tengu warrior
 10242 | D:13     | Found a gate leading to a gauntlet.
 10257 | D:13     | Noticed a seven-headed hydra
 10267 | D:13     | Killed a four-headed hydra
 10530 | D:14     | Noticed a boulder beetle
 10536 | D:14     | Killed a boulder beetle
 10537 | D:14     | Reached skill level 25 in Axes
 10537 | D:14     | Reached XP level 13. HP: 95/95 MP: 12/12
 10789 | D:14     | Received a gift from Trog
 11163 | D:14     | Found a gate to the Vaults.
 11175 | D:14     | Reached skill level 26 in Axes
 11175 | D:14     | HP: 6/142 [vault guard/+0 great sword (13)]
 11176 | D:14     | Slain by a vault guard

Illustrated notes

Levels and vault maps discovered:
D:1:      ldierk_walled_garden_2, layout_basic,
          dreamdust_ecumenical_altar_sealed_demon, serial_shops, shop
D:2:      wander_river, layout_loops_ring
D:3:      layout_loops_ring, grunt_temple_overflow_gold_and_silver,
          okawaru_gym_becter
D:4:      cheibrodos_helix_gallery, layout_cave_pools,
          nicolae_elyvilon_peaceful_grove, feat_on_display
D:5:      layout_basic, grunt_dithmenos_smoke
D:6:      layout_rooms, mainiacjoe_overflow_paths, mainiacjoe_overflow_chevrons,
          minmay_temple_entry_antechambers, serial_shops,
          nicolae_shop_hallway_stairs, shop, shop_statue, shop,
          nicolae_shop_bloodbath_and_beyond, nicolae_elevator_lobby_plus,
          uniq_crazy_yiuf_cottage, uniq_edmund
D:7:      layout_cave_pools, minmay_manual_mandibuliform, uniq_prince_ribbit1,
          uniq_pikel
D:8:      layout_basic, minmay_fractal_squares_gapless_5
D:9:      layout_cave_pools, mainiacjoe_overflow_catch_the_wave,
          lair_entry_dummy, serial_shops, shop, serial_undead, serial_undead_d,
          serial_undead_a, serial_undead_c, serial_undead_f, serial_undead_d,
          serial_undead_c, serial_undead_d, serial_undead_c, uniq_harold
D:10:     layout_roguey, xom_butterflies, tgw_sif,
          mainiacjoe_overflow_six_doors_small, old_standard_altar,
          enter_trove_1, hex_medium, minmay_misc_feat_x, uniq_nergalle
D:11:     minmay_wavy_crystal, layout_irregular_city, minmay_misc_feat_doors
D:12:     layout_cave_pools, gammafunk_ghost_mausoleum, special_room
          [special_room_orc]
D:13:     layout_cross, gauntlet_entry_generic
D:14:     layout_roguey [special_room_bee], lightli_vaults_fourway_checkpoint,
          hangedman_decor_clover_reticule

Skill      XL: |  1  2  3  4  5  6  7  8  9 10 11 12 13 |
---------------+----------------------------------------+-----
Axes           | 4 5 6 7 8 9 11 14 17 19 22 25 26 | 26.0
Fighting       | |  3.6
Armour         | |  2.4
Dodging        | |  2.1

Action                   |  1- 3 |  4- 6 |  7- 9 | 10-12 | 13-15 || total
-------------------------+-------+-------+-------+-------+-------++-------
Melee: Hand axe          |    55 |       |       |       |       ||    55
       Headbutt          |    10 |    10 |    41 |    65 |    16 ||   142
       Punch             |     2 |     1 |     6 |     3 |       ||    12
       War axe           |     9 |    62 |    80 |       |       ||   151
       Broad axe         |       |       |   138 |   186 |       ||   324
       Executioner's axe |       |       |       |   174 |   116 ||   290
Throw: Dart              |       |       |     1 |     4 |       ||     5
Invok: Berserk           |       |     3 |     4 |     5 |     2 ||    14
       Trog's Hand       |       |       |       |       |     2 ||     2
  Use: Scroll            |       |    10 |     8 |    13 |       ||    31
       Potion            |       |       |       |       |     9 ||     9
 Stab: Sleeping          |     1 |       |       |       |       ||     1
Armor: Leather armour    |     1 |       |       |       |       ||     1
       Scale mail        |    20 |    29 |       |       |       ||    49
       Ring mail         |     2 |       |       |       |       ||     2
       Chain mail        |       |    13 |   105 |   318 |    94 ||   530
Dodge: Dodged            |    49 |    38 |   103 |   174 |    60 ||   424
